 Dungeon Crawl Stone Soup version 0.19.4-8-ga85b6b9 (webtiles) character file.

242 equalderp2856 the Scratcher (level 5, -4/24 HPs)
             Began as a Felid Fighter on Feb 13, 2017.
             Slain by an iguana (14 damage)
             ... on level 4 of the Dungeon.
             The game lasted 00:14:44 (5241 turns).

equalderp2856 the Scratcher (Felid Fighter)         Turns: 5241, Time: 00:14:44

Health: -4/24      AC:  1    Str: 12    XL:     5   Next: 81%
Magic:  6/6        EV: 20    Int: 11    God:
Gold:   191        SH:  0    Dex: 15    Spells: 0 memorised, 4 levels left
                                        Lives:  0   Deaths: 1

rFire  . . .     SeeInvis +       - Unarmed
rCold  . . .     Gourm    .     (armour unavailable)
rNeg   . . .     Faith    .     (shield unavailable)
rPois  .         Spirit   .     (helmet unavailable)
rElec  .         Reflect  .     (cloak unavailable)
rCorr  .         Harm     .     (gloves unavailable)
MR     .....                    (boots unavailable)
Stlth  +++.......               (no amulet)
                                (no ring)
                                (no ring)

@: quick
A: no armour, no weapons or thrown items, stealth, claws 1, fangs 3, see
invisible, carnivore 3, speed 1, shaggy fur 1, slow metabolism 1, sharp paws
a: no special abilities


You were on level 4 of the Dungeon.
You were not hungry.

You visited 1 branch of the dungeon, and saw 4 of its levels.

You collected 191 gold pieces.

Inventory:

Jewellery
 c - an uncursed ring of positive energy {unknown}
 p - a +4 amulet of reflection {unknown}
Wands
 i - a wand of flame (17/48)
 q - a wand of polymorph (8/24)
Scrolls
 e - 2 scrolls of enchant armour {unknown}
 f - 4 scrolls of remove curse {unknown}
 h - a scroll of immolation {unknown}
 k - 3 scrolls of amnesia {unknown}
Potions
 a - a potion of might
 d - 2 potions of lignification
 g - a potion of curing
 j - 3 potions of degeneration {unknown}
 m - a potion of mutation {unknown}
 n - a potion of flight {unknown}
Comestibles
 b - 4 meat rations
 l - 2 beef jerkies
 o - a fruit


   Skills:
 + Level 3.6 Fighting
 + Level 4.8 Dodging
 + Level 3.4 Stealth
 + Level 6.3 Unarmed Combat


You had 4 spell levels left.
You didn't know any spells.

Dungeon Overview and Level Annotations

Branches:
Dungeon (4/15)
 Temple: D:4-7

Altars:
Ru
Sif Muna
Trog

Annotations:
D:2 1 runed door, Sigmund
D:3 Terence


Innate Abilities, Weirdness & Mutations

You cannot wear armour.
You are incapable of wielding weapons or throwing items.
Your paws allow you to move quietly. (Stealth)
You have sharp claws.
You have razor-sharp teeth.
You have supernaturally acute eyesight. (SInv)
You are carnivorous and can eat meat at any time.
You cover ground quickly.
You are covered in fur. (AC +1)
You have a slow metabolism.
Your sharp claws are effective at attacking unaware monsters.


Message History

You open the door.
There is an open door here.
There is a bloodstained altar of Trog here.
You open the door.
There is an open door here.
An iguana comes into view.
Found a ring mail.
The iguana hisses angrily.
You scratch the iguana but do no damage.
The iguana misses you.
You scratch the iguana but do no damage.
The iguana bites you!
Ouch! That really hurt!
You scratch the iguana.
The iguana is moderately wounded.
You closely miss the iguana. You bite the iguana.
The iguana is moderately wounded.
The iguana bites you!
Ouch! That really hurt!
You die...

### #.. ## ##[##
.##### ...
.....### #l#
.#.....# #@#
##.....#########.#
#...............#
#.....###.###...#
#.....# #.# #.#.#
#####.###'###.#.#
####.###_'...#..
##.##.###'###..#..
##...#.# #.#
#.....#


You could see an iguana.

Vanquished Creatures
  An ogre (D:4)
  An orc priest (D:3)
  An orc wizard (D:3)
  Robin (D:4)
  A howler monkey skeleton (D:4)
  4 adders
  A worm (D:3)
  6 leopard geckos
  9 orcs
  4 giant cockroaches
  13 goblins
  14 hobgoblins
  3 jackals (D:1)
  2 quokkas
  6 bats
  6 frilled lizards
  11 kobolds
  8 rats
92 creatures vanquished.

Notes
Turn   | Place    | Note
-------+----------+-------------------------------------------
     0 | D:1      | equalderp2856 the Felid Fighter began the quest for the Orb.
     0 | D:1      | Reached XP level 1. HP: 10/10 MP: 2/2
   195 | D:1      | Reached XP level 2. HP: 6/14 MP: 3/3
  1077 | D:1      | Reached XP level 3. HP: 10/17 MP: 4/4
  1814 | D:2      | Reached skill level 1 in Stealth
  1836 | D:2      | Reached skill level 5 in Unarmed Combat
  2067 | D:2      | Noticed Sigmund
  2071 | D:2      | Found a sacrificial altar of Ru.
  2113 | D:3      | Reached XP level 4. HP: 18/21 MP: 5/5
  2246 | D:3      | Killed from afar by an orc priest
  2247 | D:3      | Reached XP level 3. HP: -6/17 MP: 4/4
  2274 | D:3      | Reached XP level 4. HP: 21/21 MP: 5/5
  3016 | D:3      | Noticed Terence
  3385 | D:2      | Found a runed door.
  4181 | D:3      | Found a deep blue altar of Sif Muna.
  4799 | D:4      | Reached skill level 6 in Unarmed Combat
  4889 | D:4      | Noticed Robin
  4899 | D:4      | Reached XP level 5. HP: 15/24 MP: 6/6
  4905 | D:4      | Noticed an ogre
  4934 | D:4      | Killed Robin
  4939 | D:4      | Killed an ogre
  5219 | D:4      | Found a bloodstained altar of Trog.
  5241 | D:4      | Slain by an iguana

Skill      XL: |  1  2  3  4  5 |
---------------+----------------+-----
Stealth        | 1 2 3 |  3.4
Unarmed Combat | 5 6 |  6.3
Fighting       | |  3.6
Dodging        | |  4.8

Action                   |  1- 3 |  4- 6 || total
-------------------------+-------+-------++-------
Melee: Unarmed           |   120 |   114 ||   234
       Bite              |     9 |    11 ||    20
       Punch             |     1 |     1 ||     2
  Use: Potion            |       |     3 ||     3
 Stab: Sleeping          |     3 |     1 ||     4
       Distracted        |       |     1 ||     1
  Eat: Chunk             |     5 |     5 ||    10
Armor: Skin              |     6 |     7 ||    13
Dodge: Dodged            |   130 |    90 ||   220
